 Dungeon Crawl Stone Soup version 0.28-a0-938-gbc3f381ebc (webtiles) character file.

Game seed: 18220927336248891125

2612 siradein the Ducker (level 9, -4/65 (68) HPs)
             Began as a Vampire Gladiator on Nov 29, 2021.
             Was an Initiate of Gozag.
             Killed from afar by Harold (13 damage)
             ... with a harpoon shot
             ... on level 8 of the Dungeon.
             The game lasted 00:35:42 (9239 turns).

siradein the Ducker (Vampire Gladiator)             Turns: 9239, Time: 00:35:43

HP:   -4/65 (68)    AC:  6    Str: 16    XL:     9   Next: 34%
MP:   12/12         EV: 15    Int: 11    God:    Gozag
Gold: 563           SH:  5    Dex: 15    Spells: 11/12 levels left

rFire   + . .      SeeInvis +   z - +1 dagger (vamp)
rCold   + . .      Faith    .   (no shield)
rNeg    . . .      Spirit   .   F - +1 leather armour of Refuge {rPois rF+}
rPois   +          Reflect  +   c - +0 helmet
rElec   .          Harm     .   (no cloak)
rCorr   .          Rampage  .   (no gloves)
Will    .....                   p - +0 pair of boots
Stlth   +.........              n - amulet of reflection
HPRegen 0.40/turn               f - ring of protection from cold
MPRegen 0.13/turn               D - ring of flight

@: marked, flying, healing quickly, lightly drained
A: alive, fangs 3, see invisible, vampiric 2
a: Exsanguinate, Renounce Religion, Potion Petition, Call Merchant, Bribe Branch


You were on level 8 of the Dungeon.
You worshipped Gozag.
Gozag was pleased with you.
You visited 1 branch of the dungeon, and saw 8 of its levels.

You collected 1406 gold pieces.
You spent 182 gold pieces at shops.
You paid 661 gold pieces to Gozag.

Inventory:

Hand Weapons
 a - a +0 rapier
 g - a +1 dagger of electrocution
 t - a +3 short sword of freezing
 v - a +2 spear of venom
 z - a +1 vampiric dagger (weapon)
Missiles
 d - 3 throwing nets
 k - 3 poisoned darts (quivered)
 m - 9 boomerangs
Armour
 c - a +0 helmet (worn)
 p - a +0 pair of boots (worn)
 F - the +1 leather armour of Refuge (worn) {rPois rF+}
   (You found it on level 7 of the Dungeon)

   rF:        It protects you from fire.
   rPois:     It protects you from poison.
Jewellery
 f - a ring of protection from cold (left hand)
 n - an amulet of reflection (around neck)
 D - a ring of flight (right hand)
Wands
 s - a wand of flame (20)
 x - a wand of digging (8)
 E - a wand of iceblast (10)
Scrolls
 i - 4 scrolls of amnesia
 j - 5 scrolls of teleportation
 q - a scroll of magic mapping {unknown}
 u - 2 scrolls of enchant armour
 w - a scroll of blinking
 y - a scroll of brand weapon {unknown}
 C - a scroll of fear
Potions
 b - a potion of resistance
 e - 3 potions of curing
 h - a potion of magic
 l - a potion of ambrosia {unknown}
 o - 2 potions of heal wounds
 r - a potion of brilliance {unknown}
 B - a potion of cancellation {unknown}


   Skills:
 + Level 5.5 Fighting
 + Level 7.2 Short Blades
 + Level 5.1 Throwing
 + Level 7.2 Dodging
 + Level 2.4 Spellcasting
 + Level 3.8 Hexes
 + Level 2.1 Evocations


You had 11 spell levels left.
You knew the following spells:

 Your Spells              Type           Power      Damage    Failure   Level
a - Slow                  Hex            36%        N/A       7%          1

Your spell library contained the following spells:

 Spells                   Type           Power      Damage    Failure   Level
 Confusing Touch          Hex            9%         N/A       22%         3
 Vampiric Draining        Necr           1%         2d6       71%         3


Dungeon Overview and Level Annotations

Branches:
Dungeon (8/15)             Temple (0/1) D:6
   Lair: D:8-11

Altars:
Ashenzari
Dithmenos
Elyvilon
Gozag
Okawaru
Sif Muna

Shops:
D:4 *   D:6 (

Annotations:
D:8 Harold


Innate Abilities, Weirdness & Mutations

Your natural rate of healing is accelerated.
You have razor-sharp teeth.
You have supernaturally acute eyesight. (SInv)
You are afflicted with vampirism and can become a bat while bloodless.


Message History

You throw a poisoned dart. The poisoned dart hits Harold!
Harold is poisoned.
Harold is severely wounded.
Harold throws a throwing net.
The throwing net closely misses you.
Throw: 6 darts (poison)
Press: ? - help, Q - select action, (/) - cycle Shift-Dir - straight line, f/p - Harold
Aim: Harold, wielding a +3 vampiric scimitar, wearing a +0 scale mail and quivering 2 throwing nets (severely wounded, very poisoned, 73% to hit)
You throw a poisoned dart. The poisoned dart barely misses Harold.
Unknown command.
Throw: 5 darts (poison)
Press: ? - help, Q - select action, (/) - cycle Shift-Dir - straight line, f/p - Harold
Aim: Harold, wielding a +3 vampiric scimitar, wearing a +0 scale mail and quivering 2 throwing nets (severely wounded, very poisoned, 73% to hit)
You throw a poisoned dart. The poisoned dart hits Harold.
Harold looks even sicker.
Harold is severely wounded.
Throw: 4 darts (poison)
Press: ? - help, Q - select action, (/) - cycle Shift-Dir - straight line, f/p - Harold
Aim: Harold, wielding a +3 vampiric scimitar, wearing a +0 scale mail and quivering 2 throwing nets (severely wounded, very poisoned, 73% to hit)
You throw a poisoned dart. The poisoned dart hits Harold!
Harold looks as sick as possible!
Harold is severely wounded.
Harold fires a harpoon shot at you. The harpoon shot hits you!
* * * LOW HITPOINT WARNING * * *
You are yanked forward by the harpoon shot.
Your +3 short sword of freezing stops glowing.
You feel a bloodthirsty glee!
z - a +1 vampiric dagger (weapon)
You block Harold's attack.
You hit Harold but do no damage. You bite Harold, but do no damage.
Harold is severely wounded.
Harold casts a spell at you. The mark upon you grows brighter.
Harold fires a harpoon shot at you. The harpoon shot hits you!
* * * LOW HITPOINT WARNING * * *
You are yanked forward by the harpoon shot.
Harold fires a harpoon shot at you. The harpoon shot hits you!
You die...
Your body crumbles into a pile of gold.

# #.# ..._.......# #.#
..#.........#
#.######## ..........#
###.#.......
..♣........
#.....#######
#.♣....>..#
#............
#.♣.......#
#####.#######
#.♣.......#
#.##########(((#.....#
#.......@.@...........
#.##.#######.P........
#.##'##### ..P......#+
#.##.#...###.P.###..#
#.##.#.#.# #.P.# ..#
#.##.#.#.# #...# ..
#..#.#.#.# ....# $
#..#...#.# #..##
##.#####.#


You could see Harold (very poisoned).

Vanquished Creatures
  A troll (D:7)
  Sigmund (D:6)
  Edmund (D:6)
  A water moccasin (D:5)
  A sky beast (D:6)
  A black bear (D:6)
  A necrophage (D:5)
  An ogre (D:6)
  A centaur (D:7)
  2 phantoms (D:6)
  A scorpion (D:3)
  A gnoll sergeant (D:5)
  Blork the orc (D:6)
  4 wights
  A howler monkey (D:5)
  A bullfrog zombie (D:6)
  6 hounds
  A jelly (D:4)
  A centaur zombie (D:6)
  3 orc priests
  2 bullfrog skeletons (D:5)
  4 iguanas
  Jessica (D:3)
  5 orc wizards
  A hound skeleton (D:5)
  Robin (D:1)
  13 gnolls
  6 adders
  An ufetubus (D:5)
  A dart slug (D:1)
  37 orcs
  4 endoplasms
  2 giant cockroaches
  14 hobgoblins
  16 jackals
  7 kobolds
  6 quokkas
  8 ball pythons
  5 bats
  A frilled lizard (D:2)
  21 goblins
  7 rats
194 creatures vanquished.

Vanquished Creatures (others)
  2 fungi (D:2)
  28 plants
30 creatures vanquished.

Grand Total: 224 creatures vanquished

Notes
Turn   | Place    | Note
-------+----------+-------------------------------------------
     0 | D:1      | siradein the Vampire Gladiator began the quest for the Orb.
     0 | D:1      | Reached XP level 1. HP: 16/16 MP: 1/1
     6 | D:1      | Noticed a wyvern
     7 | D:1      | Noticed a lindwurm
   121 | D:1      | Reached XP level 2. HP: 22/22 MP: 2/2
   361 | D:1      | Gained mutation: You are afflicted with vampirism and can
                  | become a bat while bloodless. [Vampire growth]
   361 | D:1      | Reached XP level 3. HP: 27/27 MP: 3/3
   971 | D:2      | Noticed Robin
  1200 | D:1      | Killed Robin
  1311 | D:2      | Reached XP level 4. HP: 27/34 MP: 4/4
  1973 | D:2      | Found a faded altar of an unknown god.
  2121 | D:3      | Found an opulent altar of Gozag.
  2123 | D:3      | Noticed Jessica
  2138 | D:3      | Killed Jessica
  2161 | D:3      | Reached XP level 5. HP: 32/40 MP: 5/5
  2307 | D:3      | Became a worshipper of Gozag Ym Sagoz the Greedy
  2479 | D:6      | Noticed Sigmund
  2501 | D:5      | Entered Level 5 of the Dungeon
  2592 | D:5      | Noticed a necrophage
  2695 | D:5      | Found an iron altar of Okawaru.
  2745 | D:5      | Killed a necrophage
  2746 | D:5      | Reached XP level 6. HP: 19/47 MP: 6/6
  3836 | D:3      | Reached skill level 5 in Short Blades
  3931 | D:3      | Reached skill level 5 in Dodging
  4356 | D:4      | Reached XP level 7. HP: 53/53 MP: 7/7
  4425 | D:4      | Found Puikuhir's General Store.
  4574 | D:7      | Found a broken altar of Ashenzari.
  4579 | D:7      | Found a shadowy altar of Dithmenos.
  5738 | D:5      | Reached XP level 8. HP: 55/61 MP: 8/8
  6627 | D:6      | Noticed Edmund
  6627 | D:6      | Noticed Blork the orc
  6789 | D:6      | Learned a level 1 spell: Slow
  6818 | D:6      | Reached skill level 5 in Fighting
  6872 | D:6      | Reached skill level 1 in Hexes
  7020 | D:6      | Reached skill level 1 in Spellcasting
  7208 | D:6      | Killed Edmund
  7296 | D:6      | Killed Sigmund
  7297 | D:6      | Reached skill level 1 in Evocations
  7383 | D:6      | Bought a +1 vampiric dagger for 182 gold pieces
  7408 | D:6      | Reached XP level 9. HP: 57/68 MP: 11/11
  7761 | D:6      | Found a staircase to the Ecumenical Temple.
  7886 | D:6      | Killed Blork the orc
  8393 | D:7      | Noticed a troll
  8488 | D:7      | Killed a troll
  8489 | D:7      | Reached skill level 5 in Throwing
  8650 | D:7      | Identified the +1 leather armour of Refuge {rPois rF+}
  8934 | D:8      | Found a shimmering blue altar of Sif Muna.
  9202 | D:8      | Noticed Harold
  9239 | D:8      | Killed from afar by Harold

Illustrated notes

Levels and vault maps discovered:
D:1:      onia_arrival_zoo_common, layout_basic, minmay_heptomino_l4
D:2:      layout_loops_cross, shapermc_ecumenical_altar_ellora, serial_rivers,
          chequers_serial_rivers_marsh, chequers_serial_rivers_room_b,
          chequers_serial_rivers_small_a, chequers_serial_rivers_small_a,
          chequers_serial_rivers_micro_a, chequers_serial_rivers_micro_c,
          columned_hall_lemuel, minmay_crystal_water, hangedman_decor_lopped,
          uniq_robin
D:3:      layout_loops_ring, mainiacjoe_overflow_brackets,
          amcnicky_altar_gilded, amcnicky_mini_rare_corridor_liquid,
          chequers_serial_rivers_micro_e, uniq_jessica
D:4:      layout_rooms, serial_shops, nicolae_shop_waterfront, kennysheep_boxes
D:5:      lemuel_castle_with_subvaults [lemuel_castle_interior_carwin_2],
          layout_basic, kennysheep_okawaru_gauntlet
D:6:      layout_basic, minmay_temple_entry_poolview, uniq_sigmund, uniq_edmund,
          uniq_blork_the_orc
D:7:      layout_basic, mainiacjoe_overflow_catwalk_spiral
D:8:      nzn_winding_woodlands_large [nzn_winding_woodlands_5x5_three,
          nzn_winding_woodlands_5x15_concentric,
          nzn_winding_woodlands_5x5_checkerboard,
          nzn_winding_woodlands_center_lodge,
          nzn_winding_woodlands_15x15_thick_spiral,
          nzn_winding_woodlands_center_pierced_h,
          nzn_winding_woodlands_5x5_perimeter,
          nzn_winding_woodlands_5x15_longhouse,
          nzn_winding_woodlands_5x5_default], layout_loops_ring,
          mainiacjoe_overflow_boulevard, enter_bailey_5, serial_shops,
          kennysheep_mini_moat, roderic_serpentine_path, minmay_ruffians,
          uniq_pikel, uniq_maggie, uniq_harold, uniq_prince_ribbit1

Skill      XL: |  1  2  3  4  5  6  7  8  9 |
---------------+----------------------------+-----
Fighting       | 2 3 4 5 |  5.5
Throwing       | 2 3 4 5 |  5.1
Short Blades   | 4 5 6 7 |  7.2
Dodging        | 4 5 6 7 |  7.2
Hexes          | 2 3 |  3.8
Spellcasting   | 1 2 |  2.4
Evocations     | 1 2 |  2.1

Action                   |  1- 3 |  4- 6 |  7- 9 || total
-------------------------+-------+-------+-------++-------
Melee: Rapier            |    56 |       |    12 ||    68
       Bite              |    12 |    18 |    71 ||   101
       Dagger            |    43 |   217 |   563 ||   823
       Short sword       |    22 |       |    40 ||    62
       Spear             |       |       |    10 ||    10
Throw: Dart              |       |     6 |    40 ||    46
 Cast: Slow              |       |       |     1 ||     1
Invok: Call Merchant     |       |       |     1 ||     1
  Use: Scroll            |       |     6 |     4 ||    10
       Potion            |       |     2 |       ||     2
 Stab: Sleeping          |     1 |     1 |       ||     2
       Distracted        |       |       |     1 ||     1
       Held in net/web   |       |       |     1 ||     1
Armor: Leather armour    |    29 |    12 |     6 ||    47
       Robe              |       |    28 |    34 ||    62
       Skin              |       |     8 |       ||     8
       Ring mail         |       |       |    74 ||    74
Dodge: Dodged            |   103 |   116 |   277 ||   496
Block: Other             |       |       |    90 ||    90
       Reflection        |       |       |     2 ||     2

Table legend: (Time is in decaauts)
 A = Elapsed time spent in this place.
 B = Non-inter-level travel time spent in this place.
 C = Inter-level travel time spent in this place.
 D = Time resting spent in this place.
 E = Time spent auto-exploring this place.
 F = Levels seen in this place.
 G = Mean time per level.
                   A        B        C        D        E       F      G
               +--------+--------+--------+--------+--------+-----+--------+
         Total |   9015 |   8794 |    221 |    815 |   5310 |   8 | 1126.9 |
       Dungeon |   9015 |   8794 |    221 |    815 |   5310 |   8 | 1126.9 |
               +--------+--------+--------+--------+--------+-----+--------+

Top non-repeatable levels by time:
     D:5: 2464 daAuts
     D:6: 1296 daAuts
     D:3: 1222 daAuts
     D:1: 1188 daAuts
     D:7: 1038 daAuts
     D:2: 910 daAuts
     D:4: 598 daAuts
     D:8: 296 daAuts
